 Dungeon Crawl Stone Soup version 0.22-a0-136-g83a10e5 (webtiles) character file.

893 varam the Grappler (level 7, -9/67 HPs)
             Began as a Troll Monk on Feb 3, 2018.
             Was a Believer of Okawaru.
             Mangled by a two-headed ogre
             ... wielding a +0 giant spiked club
              (14 damage)
             ... on level 5 of the Dungeon.
             The game lasted 00:08:54 (2514 turns).

varam the Grappler (Troll Monk)                     Turns: 2514, Time: 00:08:54

Health: -9/67      AC:  5    Str: 20    XL:     7   Next: 78%
Magic:  4/6        EV: 14    Int:  8    God:    Okawaru [**....]
Gold:   225        SH:  0    Dex: 12    Spells: 6/6 levels left

rFire    . . .     SeeInvis .     - Unarmed
rCold    . . .     Gourm    +   (no shield)
rNeg     . . .     Faith    .   a - +0 robe
rPois    .         Spirit   .   (helmet restricted)
rElec    .         Reflect  .   (no cloak)
rCorr    .         Harm     .   (gloves unavailable)
MR       .....                  (boots unavailable)
Stlth    +++.......             (no amulet)
HPRegen  0.61/turn              (no ring)
MPRegen  0.10/turn              (no ring)

@: heroism
A: large, unfitting armour, claws 3, fast metabolism 3, gourmand, regeneration
1, shaggy fur 1, tough skin 2
a: Heroism, Renounce Religion


You were on level 5 of the Dungeon.
You worshipped Okawaru.
Okawaru was pleased with you.
You were completely stuffed.

You visited 1 branch of the dungeon, and saw 6 of its levels.

You collected 225 gold pieces.

Inventory:

Armour
 a - a +0 robe (worn)
 s - a +0 hat
Jewellery
 f - an uncursed ring of poison resistance {unknown}
 g - a +2 ring of intelligence {unknown}
Wands
 u - a wand of paralysis (14)
 w - a wand of flame (39)
Scrolls
 c - a scroll of enchant armour {unknown}
 d - 4 scrolls of identify
 i - 2 scrolls of enchant weapon {unknown}
 k - 3 scrolls of teleportation {unknown}
 n - 2 scrolls of noise {unknown}
 r - a scroll of remove curse {unknown}
Potions
 e - 2 potions of brilliance {unknown}
 h - a potion of agility {unknown}
 j - a potion of mutation {unknown}
 l - a potion of flight {unknown}
 m - a potion of lignification
 o - 4 potions of curing {unknown}
 p - 2 potions of heal wounds {unknown}
 q - a potion of cancellation {unknown}
 t - a potion of might {unknown}
Comestibles
 b - 8 rations
 v - a chunk of flesh


   Skills:
 + Level 3.0(8.0) Fighting
 + Level 3.0(8.0) Dodging
 - Level 1.0(6.0) Stealth
 - Level 9.0(14.0) Unarmed Combat


You had 6 spell levels left.
You didn't know any spells.

Dungeon Overview and Level Annotations

Branches:
Dungeon (6/15)
 Temple: D:4-7

Altars:
Hepliaklqana
Kikubaaqudgha
Nemelex Xobeh
Okawaru
Qazlal
Ru
Trog
Zin


Innate Abilities, Weirdness & Mutations

You are too large for most types of armour.
You have claws for hands.
Your metabolism is lightning-fast.
You like to eat raw meat.
Your natural rate of healing is unusually fast.
You are covered in fur. (AC +1)
You have very tough skin. (AC +2)


Message History

w - a wand of flame (39)
The two-headed ogre shouts in stereo!
The two-headed ogre is too close now for your liking.
You gain the combat prowess of a mighty hero.
You barely miss the two-headed ogre. The two-headed ogre closely misses you.
The two-headed ogre hits you with a giant club!!
You claw the two-headed ogre!
The two-headed ogre is lightly wounded.
You claw the two-headed ogre!
The two-headed ogre is moderately wounded.
The two-headed ogre hits you with a giant spiked club!
The two-headed ogre barely misses you.
You mangle the two-headed ogre!!
The two-headed ogre is almost dead.
You claw the two-headed ogre!
The two-headed ogre is almost dead.
The two-headed ogre hits you with a giant spiked club!!
* * * LOW HITPOINT WARNING * * *
The two-headed ogre hits you with a giant club!
You die...

#.#.# #.# #.####
#.#.# #.# #...<.
#.#.# #.# ######
#.#.# #.# .
#...###.##### ##
##...........# ###
##...########.#
#.########..
##.###O#######.#
#.....<.....
###..# #..)....#@#
##########..
.....###.#####.#O#
##.
#####...######.#.#
#. ###
##.........#.# #.
..###......#.....#
#.
...#.#..##.#<.##.#
########.
.O..###.....O.##.#
#........
##.#.#..##.#..##.#
#.#######
#.##.#.##.#O....#
#.#


You could see a two-headed ogre.

Vanquished Creatures
  The ghost of Yosebu the Cudgeler, an amateur HOFi of Beogh (D:4)
  The ghost of Zorot the Chopper, an amateur HOMo (D:3)
  An ogre (D:5)
  2 scorpions (D:5)
  2 howler monkeys
  2 orc wizards
  A centaur skeleton (D:3)
  Ijyb (D:5)
  An iguana (D:3)
  A hound skeleton (D:4)
  9 adders
  A shadow imp (D:6)
  2 worms (D:3)
  2 dart slugs
  3 leopard geckos
  8 orcs
  12 bats
  7 giant cockroaches
  5 goblins
  8 hobgoblins
  8 jackals (D:3)
  9 kobolds
  2 quokkas
  4 ball pythons
  5 frilled lizards
  7 rats
105 creatures vanquished.

Notes
Turn   | Place    | Note
-------+----------+-------------------------------------------
     0 | D:1      | varam the Troll Monk began the quest for the Orb.
     0 | D:1      | Reached XP level 1. HP: 22/22 MP: 0/0
   214 | D:1      | Reached XP level 2. HP: 29/29 MP: 1/1
   507 | D:2      | Reached skill level 4 in Unarmed Combat
   522 | D:2      | Reached XP level 3. HP: 23/36 MP: 2/2
   609 | D:3      | Reached XP level 4. HP: 25/44 MP: 3/3
   613 | D:3      | Reached skill level 5 in Unarmed Combat
   724 | D:4      | Noticed Yosebu's ghost (amateur HOFi)
   820 | D:3      | Noticed Zorot's ghost (amateur HOMo)
   834 | D:3      | Killed Zorot's ghost
   834 | D:3      | Reached skill level 6 in Unarmed Combat
   834 | D:3      | Reached XP level 5. HP: 28/50 MP: 4/4
  1375 | D:3      | Reached XP level 6. HP: 47/59 MP: 5/5
  1548 | D:3      | Reached skill level 7 in Unarmed Combat
  1885 | D:4      | Found a bloodstained altar of Trog.
  1885 | D:4      | Found a stormy altar of Qazlal.
  1885 | D:4      | Found a sacrificial altar of Ru.
  1885 | D:4      | Found an ancient bone altar of Kikubaaqudgha.
  1886 | D:4      | Found a sparkling altar of Nemelex Xobeh.
  1886 | D:4      | Found an iron altar of Okawaru.
  1886 | D:4      | Found a glowing silver altar of Zin.
  1886 | D:4      | Found a hazy altar of Hepliaklqana.
  1896 | D:4      | Became a worshipper of Warmaster Okawaru
  1896 | D:4      | Reached * piety under Okawaru
  1896 | D:4      | Reached ** piety under Okawaru
  1922 | D:4      | Killed Yosebu's ghost
  1922 | D:4      | Reached skill level 8 in Unarmed Combat
  1922 | D:4      | Reached XP level 7. HP: 30/66 MP: 3/6
  2185 | D:5      | Entered Level 5 of the Dungeon
  2252 | D:5      | Noticed Ijyb
  2259 | D:5      | Paralysed by Ijyb for 4 turns
  2276 | D:5      | Killed Ijyb
  2276 | D:5      | Reached skill level 9 in Unarmed Combat
  2312 | D:5      | Noticed a two-headed ogre
  2431 | D:6      | Reached skill level 3 in Fighting
  2431 | D:6      | Reached skill level 3 in Dodging
  2514 | D:5      | HP: 5/67 [two-headed ogre/giant spiked club (28)]
  2514 | D:5      | Mangled by a two-headed ogre

Vault maps used:
D:1:      dpeg_arrival_water_altar
D:2:      kennysheep_generic_room_5
D:4:      grunt_temple_overflow_open
D:5:      evilmike_ruin_ashenzari, first_ration, uniq_ijyb, uniq_blork_the_orc
D:6:      kennysheep_little_box, lemuel_doored_altar, serial_shops,
          nicolae_shop_crystal, minivault_4, elyvilon_altar_5

Skill      XL: |  1  2  3  4  5  6  7 |
---------------+----------------------+-----
Unarmed Combat | 4 6 8 9 |  9.0
Fighting       | 3 |  3.0
Dodging        | 3 |  3.0
Stealth        | |  1.0

Action                   |  1- 3 |  4- 6 |  7- 9 || total
-------------------------+-------+-------+-------++-------
Melee: Unarmed           |    63 |   170 |    31 ||   264
       Punch             |       |     2 |     3 ||     5
Invok: Heroism           |       |     1 |     1 ||     2
  Use: Scroll            |     1 |       |       ||     1
       Potion            |     1 |       |       ||     1
 Stab: Sleeping          |     1 |     2 |     1 ||     4
  Eat: Chunk             |    10 |    13 |     6 ||    29
Armor: Robe              |    40 |    45 |     5 ||    90
       Skin              |    32 |    18 |       ||    50
Dodge: Dodged            |    47 |    78 |     8 ||   133

Table legend:
 A = Spawn XP
 B = Non-spawn XP
 C = Spawn XP percentage of total XP
 D = Spawn monster count
 E = Non-spawn monster count
 F = Spawn count percentage of total count
 G = Total turns spent on level
                    A         B        C        D         E        F      G
               +---------+---------+-------+---------+---------+-------+---------
         Total |       0 |    1276 |   0.0 |       0 |     105 |   0.0 |  2514
               +---------+---------+-------+---------+---------+-------+---------
           D:1 |       0 |      28 |   0.0 |       0 |      15 |   0.0 |   503
           D:2 |       0 |      84 |   0.0 |       0 |      27 |   0.0 |   481
           D:3 |       0 |     430 |   0.0 |       0 |      47 |   0.0 |   795
           D:4 |       0 |     378 |   0.0 |       0 |      10 |   0.0 |   426
           D:5 |       0 |     344 |   0.0 |       0 |       5 |   0.0 |   281
           D:6 |       0 |      12 |   0.0 |       0 |       1 |   0.0 |    28
               +---------+---------+-------+---------+---------+-------+---------
